 Dungeon Crawl Stone Soup version 0.31.0-4-g52a2dc7128 (webtiles) character file.

Game seed: 3731255211848884972

62544 olmar the Bludgeoner (level 14, -9/129 HPs)
             Began as an Armataur Fighter on Jan 22, 2024.
             Was an Initiate of Gozag.
             Mangled by a boulder beetle (42 damage)
             ... on level 5 of the Lair of Beasts.
             The game lasted 00:40:14 (17753 turns).

olmar the Bludgeoner (Armataur Fighter)            Turns: 17753, Time: 00:40:15

Health: -9/129     AC: 16    Str: 24    XL:     14   Next: 64%
Magic:  14/14      EV: 10    Int: 10    God:    Gozag
Gold:   1587       SH:  0    Dex: 15    Spells: 13/13 levels left

rFire   + . .        F - +1 dire flail (venom)
rCold   + + .        (shield currently unavailable)
rNeg    . . .        H - +2 swamp dragon scales
rPois   +            u - +1 helmet "Forget-Me-Not" {rPois rC+ rCorr Str-4}
rElec   .            G - scarf {rC+ rF+}
rCorr   +            r - +0 pair of gloves
SInv    +            (no barding)
Will    +....        i - amulet of regeneration Stlth
                     s - ring of see invisible
HPRegen 1.21/turn    P - ring "Qaen" {Str+2 Dex+6}
MPRegen 0.14/turn

%: roll
@: confused, ambrosia-drunk
A: large, deformed body, tough skin 3, armoured tail, roll 2
a: Renounce Religion, Potion Petition, Call Merchant, Bribe Branch


You were on level 5 of the Lair of Beasts.
You worshipped Gozag.
Gozag was most pleased with you.
You visited 3 branches of the dungeon, and saw 19 of its levels.
You also visited: Sewer and Gauntlet.

You collected 5985 gold pieces.
You spent 2133 gold pieces at shops.
You paid 2265 gold pieces to Gozag.

Inventory:

Hand Weapons
 d - a +4 morningstar of holy wrath
 g - a +0 antimagic flail
 D - a +1 morningstar of freezing
 F - a +1 dire flail of venom (weapon)
Missiles
 n - 25 poisoned darts (quivered)
Armour
 c - a +0 buckler
 j - a +0 chain mail
 r - a +0 pair of gloves (worn)
 u - the +1 helmet "Forget-Me-Not" (worn) {rPois rC+ rCorr Str-4}
   (You bought it in a shop on level 2 of the Dungeon)

   Str-4:     It affects your strength (-4).
   rC+:       It protects you from cold.
   rPois:     It protects you from poison rCorr: It protects you from acid and
   corrosion.
 G - a scarf of resistance (worn)
 H - +2 swamp dragon scales (worn)
 S - a +1 chain mail of positive energy
 T - a +2 cloak of stealth
 X - the +2 cloak of the Thief {*Fog Slay-2 SInv Stlth+}
   (You bought it in a shop on level 3 of the Lair of Beasts)

   *Fog:      It may release a thick cloud of smoke when the wearer is hurt.
   Slay-2:    It affects your accuracy & damage with ranged weapons and melee
   (-2).
   SInv:      It lets you see invisible.
   Stlth+:    It makes you more stealthy.
Magical Staves
 m - a staff of air
Jewellery
 i - an amulet of regeneration (around neck)
 s - a ring of see invisible (left hand)
 J - a ring of wizardry
 P - the ring "Qaen" (right hand) {Str+2 Dex+6}
   (You found it in a Gauntlet)

   [ring of dexterity]

   Str+2:     It affects your strength (+2).
   Dex+6:     It affects your dexterity (+6).
Wands
 q - a wand of acid (1)
 w - a wand of flame (18)
 B - a wand of mindburst (10)
 Y - a wand of iceblast (5)
 Z - a wand of digging (5)
Scrolls
 a - a scroll of fog
 b - 3 scrolls of blinking
 h - 6 scrolls of revelation
 v - 3 scrolls of vulnerability
 y - 3 scrolls of amnesia
 C - 2 scrolls of immolation
 E - 3 scrolls of enchant armour
 K - a scroll of noise
 N - 2 scrolls of brand weapon
 O - 3 scrolls of identify
Potions
 f - 3 potions of attraction
 l - a potion of ambrosia
 o - 4 potions of brilliance
 p - 7 potions of mutation
 x - 2 potions of lignification
 L - 4 potions of cancellation
 M - a potion of enlightenment {unknown}
 Q - a potion of magic
 U - a potion of haste {unknown}
 V - a potion of might


   Skills:
 + Level 13.2 Fighting
 + Level 15.4 Maces & Flails
 - Level 1.0 Throwing
 + Level 13.4 Armour
 - Level 3.8 Dodging
 - Level 9.5 Shields
 + Level 3.9 Evocations


You had 13 spell levels left.
You didn't know any spells.
Your spell library contained the following spells:

 Spells                   Type           Power      Damage    Failure   Level
 Freeze                   Ice            0%         1d3       45%         1
 Magic Dart               Conj           0%         1d3       45%         1
 Shock                    Conj/Air       0%         1d3       45%         1
 Blink                    Tloc           0%         N/A       61%         2
 Cigotuvi's Dreadful Rot  Necr/Alch/Air  0%         N/A       61%         2
 Jinxbite                 Hex            0%         N/A       61%         2
 Lesser Beckoning         Tloc           0%         N/A       61%         2
 Momentum Strike          Conj/Tloc      0%         3d8       61%         2
 Sublimation of Blood     Necr           0%         N/A       61%         2
 Dazzling Flash           Conj/Hex       0%         N/A       83%         3
 Volatile Blastmotes      Fire/Tloc      0%         2d10      83%         3
 Ignite Poison            Fire/Alch      0%         N/A       99%         4
 Petrify                  Alch/Erth      0%         N/A       99%         4
 Freezing Cloud           Conj/Ice/Air   0%         6-21      100%        5
 Irradiate                Conj/Alch      0%         3d11      100%        5
 Yara's Violent Unravell  Hex/Alch       0%         3d3       100%        5
 Starburst                Conj/Fire      0%         6d3       100%        6
 Enfeeble                 Hex            0%         N/A       100%        7
 Maxwell's Capacitive Co  Air            0%         ∞         100%        8


Dungeon Overview and Level Annotations

Branches:
Dungeon (12/15)            Temple (0/1) D:6            Lair (5/5) D:9
 Shoals (0/4) Lair:3       Spider (0/4) Lair:2          Orc (2/2) D:10
    Elf (0/3) Orc:2         Sewer (visited)         Gauntlet (visited)
  Slime: Lair:4-5

Altars:
Ashenzari
Elyvilon
Fedhas
Gozag
Hepliaklqana
Makhleb
Nemelex Xobeh
Qazlal
Trog
Uskayaw
Vehumet
Wu Jian
Yredelemnul

Shops:
D:2 [   D:5 (   D:10 =   Orc:1 ?*:   Orc:2 ((((   Lair:3 *

Portals:
Abyss: D:3

Annotations:
D:3 2 transporters, SuperJoe's ghost, amateur VSNe
D:8 1 exclusion
D:12 Jorgrun


Innate Abilities, Weirdness & Mutations

Armour fits poorly on your strangely shaped body.
You have extremely tough skin. (AC +3)
You have a long armoured tail.
You regenerate magic and health when rolling toward enemies. (Rampage Regen)


Message History

* * * LOW HITPOINT WARNING * * *
Unknown command.
Okay, then.
Aiming: Corrosive Bolt
Press: ? - help, Shift-Dir - straight line, f/p - boulder beetle
Aim: a boulder beetle (lightly wounded, very poisoned, 100% to hit)
Okay, then.
Press: ? - help, v - describe, . - travel
Here: a torpor snail The floor.
Unknown command.
Unknown command.
You hit the boulder beetle but do no damage.
You tail-slap the boulder beetle, but do no damage.
The boulder beetle is lightly wounded.
You feel sick. The boulder beetle bites you!
* * * LOW HITPOINT WARNING * * *
Unknown command.
Okay, then.
Okay, then.
Blink to where?
Press: ? - help, Dir - move target, p - boulder beetle
As you read the scroll of blinking, it crumbles to dust.
You feel yourself speed up.
You feel sick.
The boulder beetle curls into a ball and begins rolling!
You feel sick.
You feel sick.
You feel sick.
Okay, then.
Okay, then.
Okay, then.
Okay, then.
You feel sick.
You are no longer poisoned.
You are confused.
You feel invigorated. The boulder beetle hits you!!!
You die...
Your body crumbles into a pile of gold.

#......# #...#....#○..#
##.....# ).( #######°##
##.....# .$ #..#
.......# # ###..#
.......# ### #####....#
.......###.###....°...#
......#.P#...#....°...#
##...............B...###
##..............@....#.#
#.....................#
.....................##
......................#
#.....................#
#P#.P###.#.P###......##
###.## ###..# #.P.....##
### #.#####.......#
#####..#....###


You could see a boulder beetle (rolling, poisoned).

Vanquished Creatures
  Kirke (D:12)
  A minotaur (Gauntlet)
  Snorg (Lair:5)
  3 hydras (Lair:5)
  2 ogre magi (Orc:2)
  3 catoblepae
  8 two-headed ogres (Orc:2)
  A boulder beetle (D:11)
  7 death yaks
  2 deep trolls (Orc:2)
  Lodul (D:12)
  An oklob plant (Lair:3)
  An ugly thing (D:8)
  3 cyclopes
  A manticore (D:12)
  A wolf spider (Lair:2)
  3 meliai (Gauntlet)
  15 elephants
  5 black mambas
  A gargoyle (Gauntlet)
  Maggie (D:8)
  10 cane toads
  3 rime drakes
  A kobold demonologist (D:11)
  An unseen horror zombie (D:10)
  10 komodo dragons
  2 polar bears
  9 trolls
  A tarantella (Lair:2)
  6 hornets
  A snapping turtle (Lair:3)
  18 blink frogs
  43 yaks
  A water elemental (Lair:3)
  2 wraiths (D:11)
  2 wyverns
  2 hogs (D:12)
  5 basilisks
  A shadow (D:11)
  A warg (Orc:1)
  A steam dragon (D:10)
  An acid dragon (D:11)
  9 water moccasins
  8 orc warriors
  2 ice beasts
  3 black bears
  A crocodile (Sewer)
  3 centaurs
  27 ogres
  3 phantoms
  2 kobold brigands
  11 bullfrogs
  2 gnoll sergeants
  3 scorpions
  8 wights
  24 killer bees
  3 electric eels
  5 howler monkeys
  5 hounds
  7 centaur zombies (D:10)
  10 orc priests
  2 iguanas
  A sleepcap (D:7)
  11 orc wizards
  2 hell rats (Lair:4)
  2 howler monkey zombies (D:10)
  2 adders
  9 gnolls
  8 river rats
  3 shadow imps
  2 white imps
  2 ufetubi (D:6)
  5 dart slugs
  A ribbon worm (D:4)
  46 orcs
  6 bats
  5 endoplasms
  3 giant cockroaches
  4 goblins
  5 hobgoblins
  5 jackals
  20 kobolds
  3 quokkas
  9 ball pythons
  2 frilled lizards
  5 rats
482 creatures vanquished.

Vanquished Creatures (others)
  A death yak (Lair:5)
  A human (D:12)
  An orc wizard (D:6)
3 creatures vanquished.

Grand Total: 485 creatures vanquished

Notes
Turn   | Place    | Note
-------+----------+-------------------------------------------
     0 | D:1      | olmar the Armataur Fighter began the quest for the Orb.
     0 | D:1      | Reached XP level 1. HP: 18/18 MP: 1/1
   153 | D:1      | Reached XP level 2. HP: 16/26 MP: 2/2
   225 | D:1      | Reached skill level 2 in Maces & Flails
   397 | D:1      | Reached XP level 3. HP: 31/31 MP: 3/3
  1098 | D:2      | Found an ornate altar of the Wu Jian Council.
  1100 | D:2      | Found Facum's Armour Shop.
  1777 | D:3      | Found a transporter.
  1866 | D:3      | Reached XP level 4. HP: 18/38 MP: 4/4
  2210 | D:3      | Found a radiant altar of Vehumet.
  2212 | D:3      | Found an opulent altar of Gozag.
  2212 | D:3      | Found a broken altar of Ashenzari.
  2255 | D:3      | Found a one-way gate to the infinite horrors of the Abyss.
  2255 | D:3      | Found a transporter.
  2255 | D:3      | Noticed SuperJoe's ghost (amateur VSNe)
  2361 | D:3      | Became a worshipper of Gozag Ym Sagoz the Greedy
  2366 | D:3      | Reached skill level 5 in Fighting
  2366 | D:3      | Reached skill level 5 in Maces & Flails
  2366 | D:3      | Reached XP level 5. HP: 50/50 MP: 5/5
  2657 | D:4      | Found a glowing drain.
  2743 | D:4      | Reached XP level 6. HP: 33/57 MP: 6/6
  2781 | Sewer    | Entered a sewer
  3127 | D:4      | Noticed a +0 dagger
  3128 | D:4      | Found a hide-covered altar of Uskayaw.
  3128 | D:4      | Noticed a +0 hand axe
  3547 | D:5      | Entered Level 5 of the Dungeon
  3687 | D:5      | Reached skill level 6 in Maces & Flails
  3687 | D:5      | Gained mutation: You regenerate magic and health when
                  | rolling toward enemies. (Rampage Regen) [Armataur growth]
  3687 | D:5      | Reached XP level 7. HP: 62/62 MP: 7/7
  4154 | D:2      | Bought the +1 helmet "Forget-Me-Not" {rPois rC+ rCorr
                  | Str-4} for 323 gold pieces
  4344 | D:5      | Found a burning altar of Makhleb.
  4344 | D:5      | Found a bloodstained altar of Trog.
  4445 | D:5      | Found Oloxif's Antique Weapon Shop.
  4448 | D:5      | Bought a glowing morningstar for 147 gold pieces
  4989 | D:6      | Found a staircase to the Ecumenical Temple.
  4998 | D:6      | Reached XP level 8. HP: 68/70 MP: 8/8
  5078 | D:6      | Reached skill level 7 in Maces & Flails
  5351 | D:6      | Identified the +0 robe of Piguus {rC- Str+7}
  5485 | D:6      | Found a sparkling altar of Nemelex Xobeh.
  5575 | D:6      | Got Practicing Willworking
  5810 | D:7      | Noticed a hornet
  5850 | D:7      | Killed a hornet
  5851 | D:7      | Reached XP level 9. HP: 64/74 MP: 9/9
  6033 | D:7      | Found a stormy altar of Qazlal.
  6760 | D:8      | Noticed a green ugly thing
  6775 | D:8      | Killed a green ugly thing
  6776 | D:8      | Reached skill level 8 in Maces & Flails
  7057 | D:8      | Identified the +0 scale mail of Larichow {Str+2 SInv}
  7261 | D:8      | Found a white marble altar of Elyvilon.
  7388 | D:8      | Reached skill level 10 in Armour
  7388 | D:8      | Noticed Maggie
  7406 | D:8      | Killed Maggie
  7407 | D:8      | Reached XP level 10. HP: 45/84 MP: 10/10
  7970 | D:9      | Reached skill level 9 in Maces & Flails
  8090 | D:9      | Found a staircase to the Lair.
  8797 | D:9      | Found a hazy altar of Hepliaklqana.
  8974 | D:10     | Entered Level 10 of the Dungeon
  9176 | D:10     | Found a staircase to the Orcish Mines.
  9258 | D:10     | Reached XP level 11. HP: 92/92 MP: 11/11
  9288 | D:10     | Reached skill level 10 in Maces & Flails
  9303 | D:10     | Found a basalt altar of Yredelemnul.
  9411 | D:10     | Paralysed by a hornet for 2 turns
  9713 | D:10     | Found a blossoming altar of Fedhas.
 10052 | D:11     | Noticed a boulder beetle
 10096 | D:11     | Killed a boulder beetle
 10625 | D:12     | Noticed Kirke
 10636 | D:12     | Noticed a lindwurm
 10657 | D:12     | Killed Kirke
 10658 | D:12     | Reached skill level 11 in Maces & Flails
 10680 | D:12     | Noticed Lodul
 10690 | D:12     | Killed Lodul
 10833 | D:12     | Noticed Jorgrun
 10925 | Orc:1    | Entered Level 1 of the Orcish Mines
 10925 | Orc:1    | Found Igastriv's Magic Scroll Shoppe.
 10935 | Orc:1    | Bought a scroll of brand weapon for 142 gold pieces
 10935 | Orc:1    | Bought a scroll of identify for 30 gold pieces
 10935 | Orc:1    | Bought a scroll of identify for 30 gold pieces
 10935 | Orc:1    | Bought a scroll of identify for 30 gold pieces
 10935 | Orc:1    | Bought a scroll of blinking for 112 gold pieces
 10935 | Orc:1    | Bought a scroll of blinking for 112 gold pieces
 11123 | Orc:2    | Entered Level 2 of the Orcish Mines
 11123 | Orc:2    | Noticed an ogre mage
 11127 | Orc:2    | Found a gate leading to a gauntlet.
 11137 | Gauntlet | Entered a Gauntlet
 11137 | Gauntlet | Found a transporter.
 11138 | Gauntlet | Noticed a catoblepas
 11144 | Gauntlet | Found a transporter.
 11146 | Gauntlet | Found a transporter.
 11170 | Gauntlet | Found a transporter.
 11187 | Gauntlet | Found a transporter.
 11189 | Gauntlet | Found a transporter.
 11193 | Gauntlet | Noticed a six-headed hydra
 11200 | Gauntlet | Found a transporter.
 11413 | Gauntlet | Found a transporter.
 11420 | Gauntlet | Noticed a sixfirhy
 11422 | Gauntlet | Found a runed translucent door.
 11422 | Gauntlet | Noticed a sixfirhy
 11423 | Gauntlet | Found a transporter.
 11424 | Gauntlet | Found a runed translucent door.
 11433 | Gauntlet | Found a transporter.
 11433 | Gauntlet | Noticed a green death
 11447 | Gauntlet | Found a transporter.
 11456 | Gauntlet | Found a transporter.
 11497 | Gauntlet | Killed a catoblepas
 11498 | Gauntlet | Reached XP level 12. HP: 65/103 MP: 12/12
 11531 | Gauntlet | Found a runed translucent door.
 11559 | Gauntlet | Found a transporter.
 11628 | Gauntlet | Reached skill level 12 in Maces & Flails
 11631 | Gauntlet | Identified the ring "Qaen" {Str+2 Dex+6}
 11638 | Gauntlet | Found a transporter.
 11738 | Gauntlet | Noticed a minotaur
 11746 | Gauntlet | Killed a minotaur
 11829 | Orc:2    | Killed an ogre mage
 11854 | Orc:2    | Reached skill level 1 in Evocations
 11878 | Orc:2    | Noticed a two-headed ogre
 11880 | Orc:2    | Noticed a two-headed ogre
 11881 | Orc:2    | Noticed a two-headed ogre
 11887 | Orc:2    | Noticed an ogre mage
 11889 | Orc:2    | Killed a two-headed ogre
 11894 | Orc:2    | Killed a two-headed ogre
 11895 | Orc:2    | Killed a two-headed ogre
 11902 | Orc:2    | Reached skill level 10 in Fighting
 11920 | Orc:2    | Noticed a two-headed ogre
 11925 | Orc:2    | Killed a two-headed ogre
 11956 | Orc:2    | Killed an ogre mage
 11991 | Orc:2    | Noticed a two-headed ogre
 12003 | Orc:2    | Killed a two-headed ogre
 12024 | Orc:2    | Reached skill level 13 in Maces & Flails
 12120 | Orc:2    | Found a staircase to the Elven Halls.
 12156 | Orc:2    | Noticed a two-headed ogre
 12171 | Orc:2    | Killed a two-headed ogre
 12172 | Orc:2    | Reached XP level 13. HP: 75/114 MP: 13/13
 12375 | Orc:2    | Found Topyoroz's Antique Weapon Boutique.
 12378 | Orc:2    | Found Byjiv's Weapon Emporium.
 12402 | Orc:2    | Found Temutew's Antique Weapon Shop.
 12403 | Orc:2    | Found Ruiff's Weapon Shop.
 12942 | Orc:1    | Found Feah's General Store.
 12942 | Orc:1    | Found Kemitamu's Book Shoppe.
 12993 | Orc:1    | Bought a scroll of fog for 56 gold pieces
 12993 | Orc:1    | Bought a scroll of identify for 28 gold pieces
 12993 | Orc:1    | Bought a scroll of fear for 56 gold pieces
 13197 | Lair:1   | Entered Level 1 of the Lair of Beasts
 13626 | Lair:1   | You fall into a shaft and drop 1 floor!
 14156 | Lair:2   | Found a hole to the Spider Nest.
 14165 | Lair:2   | Reached skill level 14 in Maces & Flails
 15071 | Lair:3   | Found a staircase to the Shoals.
 15522 | Lair:3   | Bought a potion of heal wounds for 80 gold pieces
 15522 | Lair:3   | Bought the +2 cloak of the Thief {*Fog Slay-2 SInv Stlth+}
                  | for 321 gold pieces
 15522 | Lair:3   | Found the +2 cloak of the Thief {*Fog Slay-2 SInv Stlth+}
 15522 | Lair:3   | Bought a wand of flame (6) for 67 gold pieces
 15522 | Lair:3   | Bought a wand of flame (3) for 33 gold pieces
 15522 | Lair:3   | Bought a wand of iceblast (6) for 230 gold pieces
 15522 | Lair:3   | Bought a wand of digging (5) for 336 gold pieces
 15785 | Lair:4   | Reached XP level 14. HP: 125/125 MP: 14/14
 16627 | Lair:5   | Entered Level 5 of the Lair of Beasts
 16658 | Lair:5   | Reached skill level 15 in Maces & Flails
 16940 | Lair:5   | Noticed Snorg
 16953 | Lair:5   | Killed Snorg
 16977 | Lair:5   | Reached skill level 1 in Throwing
 17753 | Lair:5   | Mangled by a boulder beetle

Illustrated notes

Levels and vault maps discovered:
D:1:      roderic_dead_forest, layout_basic, nrook_mini_vaults, minivault_25
D:2:      layout_loops_corners, basic_altar, serial_shops, shop
D:3:      layout_basic, gammafunk_temple_overflow_forgotten,
          gammafunk_ghost_abyssal_escape, hex_intersection, kennysheep_boxes
D:4:      layout_rooms, dancing_weapons_uskayaw, cheibrodos_sewer_entry_sluice,
          kennysheep_another_room
D:5:      layout_layer_cave, nicolae_overflow_two_pavilions, serial_shops,
          nicolae_shop_tiny_real_fake_doors
D:6:      layout_cave_pools, nemelex_diamond_rough_becter,
          minmay_temple_entry_tees, grunt_ministairs_15
D:7:      layout_loops_ring, nicolae_qazlal_general_emergency
D:8:      layout_cave_pods, elyvilon_altar_5, uniq_maggie
D:9:      layout_cave_pods, lemuel_tele_altar, lair_entry_dummy
D:10:     layout_cave_pools, nicolae_yredelemnul_corpse_copse,
          mainiacjoe_overflow_small_starburst, orc_0_dummy
D:11:     layout_cave_pools
D:12:     layout_small_grid, ashenzari_altar_1, uniq_kirke, uniq_jorgrun,
          uniq_lodul
Lair:1:   layout_roguey, serial_bayou, serial_bayou_lagoon_b,
          serial_bayou_ford_a, serial_bayou_pond_d, serial_bayou_lake_a,
          serial_bayou_crossing, grunt_forest_large_clearings
Lair:2:   layout_roguey, spider_nest_entry_rubble
Lair:3:   layout_chaotic_city, minmay_shoals_entry_hut,
          grunt_forest_stairs_basic, beast_lair_carwin_11
Lair:4:   layout_regular_city, kennysheep_rathole
Lair:5:   evilmike_catoblepas_cave, layout_cellular_growth,
          dpeg_slime_entry_corner, hangedman_lair_generics_rect,
          lemuel_fruit_tree, infiniplex_staircase_pool, uniq_snorg
Orc:1:    layout_caves, serial_shops, shop, shop, shop
Orc:2:    st_orc_open, layout_caves, gauntlet_entry_generic

Skill      XL: |  1  2  3  4  5  6  7  8  9 10 11 12 13 14 |
---------------+-------------------------------------------+-----
Fighting       | 3 5 6 7 8 10 11 13 | 13.2
Maces & Flails | 2 5 6 7 8 9 11 13 14 15 | 15.4
Armour         | 4 7 8 9 10 11 12 13 | 13.4
Dodging        | 3 |  3.8
Shields        | 6 7 8 9 |  9.5
Evocations     | 2 3 |  3.9
Throwing       | 1 |  1.0

Action                     |  1- 3 |  4- 6 |  7- 9 | 10-12 | 13-15 || total
---------------------------+-------+-------+-------+-------+-------++-------
  Melee: Flail             |   156 |   141 |   339 |   499 |       ||  1135
         Tailslap          |    14 |     7 |    61 |   131 |   170 ||   383
         Morningstar       |       |       |    25 |    36 |       ||    61
         Dire flail        |       |       |       |   195 |   829 ||  1024
         Punch             |       |       |       |     1 |       ||     1
  Throw: Dart              |       |     3 |     1 |     5 |    11 ||    20
         Throwing net      |       |       |       |     1 |       ||     1
 Invoke: Call Merchant     |       |       |       |     1 |     1 ||     2
         Potion Petition   |       |       |       |     2 |       ||     2
  Evoke: Wand              |       |       |    18 |    45 |    25 ||    88
    Use: Scroll            |       |     6 |     6 |    15 |     4 ||    31
         Potion            |       |     3 |       |     6 |     6 ||    15
   Stab: Paralysed         |       |       |     2 |    26 |     3 ||    31
         Distracted        |       |       |       |     2 |     5 ||     7
         Invisible         |       |       |       |       |    13 ||    13
         Petrified         |       |       |       |       |     2 ||     2
         Petrifying        |       |       |       |       |     1 ||     1
 Armour: Scale mail        |    51 |       |       |       |       ||    51
         Chain mail        |    70 |    86 |   400 |       |       ||   556
         Swamp dragon scal |       |       |       |   681 |   645 ||  1326
  Dodge: Dodged            |    60 |    31 |   138 |   366 |   301 ||   896
  Block: Buckler           |    29 |    26 |    97 |   178 |       ||   330
